AoeStats
← powerkek

Pilgrims

508849399Analyzed
4v4 RM · 7d ago on Sep 24, 2026· 60m 19s· 8 players
Game mode
Random Map
Map size
Large (8 player)
Population
200
Speed
Normal
Resources
Standard
Victory
Conquest
Starting age
Dark Age
Ending age
Imperial Age
RankedLock teamsTeams togetherTeam positionsShared explorationLock speedFull tech treeHidden civsTurbo modeCheats
Victory
Defeat
🇰🇿 Danes · Kazakhstan
977
+15
🇨🇳 Varangians · China
971
+15
🇩🇪 Italians · Germany
959
+15
🇨🇳 Japanese · China
869
+19
🇸🇰 Burmese · Slovakia
1051
-20
🇹🇷 Koreans · Türkiye
909
-15
🇹🇷 Huns · Türkiye
909
-15
🇫🇷 Khmer · France
900
-14
DeSong
15:06 Feudal Age
16:52 Loom
19:08 Castle Age
17:11 Gold Mining
17:14 Double-Bit Axe
17:11 Horse Collar
19:03 Stone Mining
20:52 Wheelbarrow
21:29 Medium Warships
22:34 Bow Saw
27:45 Stone Shaft Mining
27:47 Gold Shaft Mining
33:19 Imperial Age
30:41 Loom
31:11 Hand Cart
30:42 Town Watch
30:38 Hamask
31:21 Scale Mail Armor
32:17 Town Patrol
32:34 Forging
32:49 Chain Mail Armor
33:35 Northmen's Fury
33:46 Elite Jomsviking
36:31 Heavy Plow
37:05 Conscription
36:51 Elite Varangian Guard
39:15 Plate Mail Armor
39:21 Iron Casting
41:34 Siege Engineers
41:44 Onager
43:49 Siege Onager
50:08 Blast Furnace
55:36 Arson
55:53 Squires
55:42 Gambesons
redbuzzards
7:44 Loom
12:26 Feudal Age
17:46 Castle Age
23:05 Double-Bit Axe
24:12 Horse Collar
27:14 Heavy Plow
27:27 Bow Saw
27:56 Wheelbarrow
28:52 Fletching
29:03 Padded Archer Armor
32:58 Bodkin Arrow
33:18 Leather Archer Armor
36:31 Imperial Age
34:53 Ballistics
37:03 Elite Genoese Crossbowman
38:04 Conscription
41:07 Bracer
41:38 Ring Archer Armor
42:49 Chemistry
41:14 Onager
52:50 Squires
56:41 Hand Cart
56:11 Town Watch
Wololo
13:03 Feudal Age
14:12 Double-Bit Axe
14:19 Gold Mining
25:24 Castle Age
24:02 Wheelbarrow
23:12 Town Watch
23:13 Loom
26:32 Fishing Lines
27:06 Medium Warships
30:43 Imperial Age
28:53 Careening
28:54 Clinker Construction
31:56 Gillnets
32:08 Stone Mining
32:55 Gold Shaft Mining
33:29 Heavy Warships
33:34 Dry Dock
33:41 Shipwright
33:45 Carvel Hull
34:00 Bow Saw
36:17 Squires
36:02 Arson
35:37 Pikeman
36:41 Forging
36:32 Scale Mail Armor
41:53 Iron Casting
41:33 Chain Mail Armor
44:00 Halberdier
45:45 Blast Furnace
45:16 Plate Mail Armor
44:34 Horse Collar
46:32 Heavy Plow
49:58 Conscription
49:02 Elite Samurai
50:08 Kataparuto
49:37 Gambesons
49:12 Man-at-Arms
50:25 Plate Mail Armor
53:02 Fletching
53:12 Padded Archer Armor
54:03 Parthian Tactics
52:59 Heavy Cavalry Archer
53:45 Thumb Ring
55:52 Two-Man Saw
54:59 Bodkin Arrow
55:19 Leather Archer Armor
55:28 Ballistics
56:08 Chemistry
55:15 Siege Engineers
55:46 Bloodlines
55:36 Husbandry
56:14 Bracer
57:05 Ring Archer Armor
57:43 Treadmill Crane
58:14 Masonry
58:00 Murder Holes
58:16 Fortified Wall
57:56 Guard Tower
57:52 Arrowslits
58:44 Yasama
Delete game
5:41 Loom
11:23 Feudal Age
12:16 Town Watch
14:44 Double-Bit Axe
18:16 Castle Age
17:48 Gold Mining
18:36 Fletching
19:22 Bodkin Arrow
20:10 Bow Saw
19:45 Fishing Lines
20:19 Medium Warships
20:24 Gillnets
22:32 Wheelbarrow
22:13 Horse Collar
23:52 Heavy Plow
27:55 Imperial Age
25:37 Stone Mining
25:56 Treadmill Crane
26:26 Masonry
27:54 Hand Cart
28:10 Husbandry
28:20 Bloodlines
28:23 Forging
28:19 Scale Barding Armor
30:06 Two-Man Saw
29:02 Cavalier
30:32 Crop Rotation
31:46 Stone Shaft Mining
31:34 Chain Barding Armor
32:42 Iron Casting
33:58 Plate Barding Armor
33:47 Conscription
34:13 Ballistics
34:05 Masonry
34:05 Gothikon
36:12 Chemistry
36:39 Pikeman
37:19 Squires
37:24 Scale Mail Armor
38:07 Arson
39:07 Chain Mail Armor
39:55 Elite Varangian Guard
40:56 Heavy Scorpion
40:59 Capped Ram
42:15 Heavy Warships
41:12 Elite Longship
42:25 Town Patrol
43:27 Blast Furnace
42:58 Plate Mail Armor
44:52 Architecture
44:27 Siege Engineers
44:18 Murder Holes
45:24 Bracer
46:19 Padded Archer Armor
47:13 Elite Skirmisher
47:14 Cranequins
47:15 Heavy Mounted Crossbowman
48:53 Elite Jarl
49:02 Siege Ram
51:32 Leather Archer Armor
54:32 Ring Archer Armor
55:25 Light Cavalry
59:57 Halberdier
60:23 Gambesons
powerkek
5:26 Loom
11:21 Feudal Age
12:38 Wheelbarrow
12:04 Fishing Lines
13:14 Man-at-Arms
13:46 Horse Collar
19:18 Castle Age
20:17 Hand Cart
21:24 Stone Mining
21:48 Husbandry
21:59 Gold Mining
22:26 Heavy Plow
22:36 Scale Barding Armor
23:17 Gold Shaft Mining
23:35 Bloodlines
25:03 Fervor
28:03 Sanctity
29:52 Devotion
29:59 Town Watch
30:51 Chain Barding Armor
31:22 Forging
31:51 Redemption
32:58 Iron Casting
38:43 Imperial Age
40:26 Blast Furnace
39:29 Scale Mail Armor
39:57 Conscription
40:24 Heavy Scorpion
42:27 Chain Mail Armor
42:32 Block Printing
42:49 Illumination
41:59 Long Swordsman
42:40 Squires
43:32 Siege Engineers
44:29 Chemistry
43:44 Masonry
43:39 Two-Handed Swordsman
44:05 Gambesons
45:26 Champion
52:54 Pikeman
53:20 Arson
54:31 Halberdier
57:14 Fletching
APC
5:06 Loom
15:22 Feudal Age
18:27 Wheelbarrow
22:31 Castle Age
20:18 Town Watch
22:05 Horse Collar
22:20 Gold Mining
22:21 Stone Mining
22:54 Double-Bit Axe
24:47 Hand Cart
25:02 Fishing Lines
25:39 Medium Warships
28:03 Gillnets
29:56 Town Patrol
36:14 Gold Shaft Mining
36:14 Stone Shaft Mining
35:57 Bow Saw
36:03 Heavy Plow
40:49 Imperial Age
39:14 Ballistics
41:32 Double Crossbow
40:59 Heavy Scorpion
42:48 Siege Engineers
46:37 Cavalier
47:17 Husbandry
52:15 Light Cavalry
53:06 Bloodlines
54:11 Hussar
Get Rekt
sonsehzadee
12:53 Loom
15:43 Feudal Age
17:44 Double-Bit Axe
20:12 Castle Age
18:20 Gold Mining
18:21 Stone Mining
21:10 Castle Age
21:40 Wheelbarrow
24:17 Squires
24:41 Horse Collar
27:23 Heavy Plow
27:40 Pikeman
29:21 Bow Saw
38:27 Imperial Age
38:18 Hand Cart
40:16 Halberdier
42:20 Conscription
41:20 Elite War Wagon
42:51 Fletching
44:53 Chemistry
Connection lost

Rejoining the realm…

Still unreachable

The connection could not be restored.

Session expired

The server has moved on; the page needs a fresh start.